 Dungeon Crawl Stone Soup version 0.27-a0-1278-g6cbc8dfb29 (webtiles) character file.

Game seed: 15936331797282083544

119 night the Chiller (level 5, 0/48 HPs)
             Began as an Ogre Ice Elementalist on June 12, 2021.
             Was a Plaything of Xom.
             Slain by a wyvern zombie (10 damage)
             ... on level 4 of the Dungeon.
             The game lasted 00:06:53 (3730 turns).

night the Chiller (Ogre Ice Elementalist)           Turns: 3730, Time: 00:06:54

Health: 0/48       AC:  9    Str: 12    XL:     5   Next: 3%
Magic:  5/11       EV:  9    Int: 17    God:    Xom [.*....]
Gold:   99         SH:  0    Dex:  9    Spells: 5/12 levels left

rFire    . . .     SeeInvis .   b - +0 short sword
rCold    . . .     Faith    .   (no shield)
rNeg     . . .     Spirit   .   a - +0 robe
rPois    .         Reflect  .   (helmet restricted)
rElec    .         Harm     .   (no cloak)
rCorr    .         Rampage  .   (gloves unavailable)
Will     .....                  (boots unavailable)
Stlth    +.........             (no amulet)
HPRegen  0.16/turn              (no ring)
MPRegen  0.12/turn              (no ring)

@: ice-armoured, very slightly contaminated, hasted, very quick
A: large, unfitting armour, tough skin 1
a: Renounce Religion


You were on level 4 of the Dungeon.
You worshipped Xom.
You were a plaything of Xom.
You visited 1 branch of the dungeon, and saw 4 of its levels.

You collected 99 gold pieces.

Inventory:

Hand Weapons
 b - a +0 short sword (weapon)
 c - a +2 dagger of distortion
Missiles
 d - 24 poisoned darts
 e - 88 stones
 o - 30 sling bullets
Armour
 a - a +0 robe (worn)
Jewellery
 p - a ring of wizardry
Wands
 k - a wand of mindburst (14)
Scrolls
 j - 2 scrolls of magic mapping
Potions
 f - 2 potions of haste
 g - a potion of mutation
 h - a potion of heal wounds
 i - 2 potions of brilliance {unknown}
 m - a potion of curing {unknown}
 n - a potion of degeneration {unknown}


   Skills:
 + Level 1.3 Fighting
 - Level 1.7 Dodging
 - Level 1.4 Stealth
 + Level 4.2 Spellcasting
 + Level 4.6 Ice Magic


You had 5 spell levels left.
You knew the following spells:

 Your Spells              Type           Power      Damage    Failure   Level
a - Freeze                Ice            76%        1d9       2%          1
b - Frozen Ramparts       Ice            38%        1d5       7%          3
c - Ozocubu's Armour      Ice            19%        N/A       7%          3

Your spell library contained the following spells:

 Spells                   Type           Power      Damage    Failure   Level
 Hailstorm                Conj/Ice       11%        3d5       52%         4
 Metabolic Englaciation   Hex/Ice        5%         N/A       86%         5


Dungeon Overview and Level Annotations

Branches:
Dungeon (4/15)
 Temple: D:4-7

Altars:
Xom


Innate Abilities, Weirdness & Mutations

You are too large for most types of armour.
You have tough skin. (AC +1)


Message History

Found a scroll of magic mapping.
Found a stone staircase leading down.
The wyvern zombie bites you!
You hit the wyvern zombie.
The wyvern zombie is lightly damaged.
The wyvern zombie barely misses you.
You hit the wyvern zombie but do no damage.
The wyvern zombie is lightly damaged.
The wyvern zombie closely misses you.
Casting: Frozen Ramparts (dangerous; 7% risk of failure)
Confirm with . or Enter, or press ? or * to list all spells.
You miscast Ozocubu's Armour.
You are very lightly contaminated with residual magic.
Nothing appears to happen.
The wyvern zombie bites you but does no damage.
The wyvern zombie bites you.
Casting: Ozocubu's Armour (dangerous; 7% risk of failure)
Confirm with . or Enter, or press ? or * to list all spells.
A film of ice covers your body! The wyvern zombie closely misses you.
Unknown command.
You hit the wyvern zombie.
The wyvern zombie is lightly damaged.
The wyvern zombie barely misses you.
You hit the wyvern zombie.
The wyvern zombie is lightly damaged.
Xom grants you a minor favour.
You feel yourself speed up.
You are now a plaything of Xom.
The wyvern zombie completely misses you.
The wyvern zombie bites you but does no damage.
You hit the wyvern zombie.
The wyvern zombie is moderately damaged.
The wyvern zombie bites you!
You barely miss the wyvern zombie.
The wyvern zombie is moderately damaged.
The wyvern zombie bites you!
* * * LOW HITPOINT WARNING * * *
You hit the wyvern zombie.
The wyvern zombie is moderately damaged.
The wyvern zombie bites you!
You die...

#.#
####.###
#....#..
#.####.#
#.# #.#
#.# #.#
#.####.##
#.......#
######@.#
#Z.# #..#
#..# #.?#
#.># #..#
#..#


You could see a wyvern zombie.

Vanquished Creatures
  An orc wizard (D:3)
  3 adders (D:2)
  A worm (D:2)
  4 dart slugs
  3 orcs (D:3)
  7 endoplasms
  4 goblins
  6 hobgoblins
  A quokka (D:3)
  5 ball pythons
  5 bats
  3 frilled lizards
  3 kobolds
  5 rats
51 creatures vanquished.

Notes
Turn   | Place    | Note
-------+----------+-------------------------------------------
     0 | D:1      | night the Ogre Ice Elementalist began the quest for the
                  | Orb.
     0 | D:1      | Reached XP level 1. HP: 16/16 MP: 3/3
   378 | D:1      | Found a faded altar of an unknown god.
   387 | D:1      | Became a worshipper of Xom of Bone-Dry Humour
   506 | D:1      | Reached XP level 2. HP: 24/24 MP: 1/5
   599 | D:1      | XOM: 3-stop teleportation journey
   712 | D:1      | XOM: silly message
   937 | D:1      | XOM: god gift: 16 stones
   997 | D:1      | XOM: noise
  1390 | D:2      | XOM: enchant monster (bad)
  1460 | D:2      | Reached XP level 3. HP: 28/31 MP: 3/7
  1845 | D:2      | XOM: silly message
  1868 | D:2      | XOM: silly message
  2229 | D:2      | Reached XP level 4. HP: 35/39 MP: 5/9
  2412 | D:2      | XOM: cloud trail
  2417 | D:2      | Learned a level 3 spell: Frozen Ramparts
  2421 | D:2      | Learned a level 3 spell: Ozocubu's Armour
  2554 | D:3      | XOM: silly message
  2600 | D:3      | XOM: silly message
  2655 | D:3      | XOM: 9-stop teleportation journey
  3031 | D:3      | XOM is BORED!
  3031 | D:3      | XOM: silly message
  3161 | D:3      | XOM: silly message
  3438 | D:3      | Reached skill level 1 in Fighting
  3438 | D:3      | Reached XP level 5. HP: 31/48 MP: 5/11
  3570 | D:3      | Found Xofraeji's Magic Scroll Shoppe.
  3594 | D:3      | XOM: divination: detect creatures
  3727 | D:4      | XOM: potion effect (haste)
  3730 | D:4      | Slain by a wyvern zombie

Illustrated notes

Levels and vault maps discovered:
D:1:      dpeg_arrival_simpleton_a, layout_basic,
          hellmonk_ecumenical_altar_crossroads, skrybe_limestone_x,
          chequers_serial_rivers_small_a, grunt_decor_one_mirror
D:2:      minmay_door_path, layout_loops_ring
D:3:      layout_loops_corners, serial_shops, shop_scrolls
D:4:      layout_loops_ring, amethyst_overflow_temple_binary, temple_fountains,
          minmay_crystal_room, uniq_duvessa, uniq_grinder, uniq_pikel

Skill      XL: |  1  2  3  4 |
---------------+-------------+-----
Spellcasting   | 3 4 |  4.2
Ice Magic      | 4 |  4.6
Fighting       | 1 |  1.3
Dodging        | |  1.7
Stealth        | |  1.4

Action                   |  1- 3 |  4- 6 || total
-------------------------+-------+-------++-------
Melee: Short sword       |    45 |    26 ||    71
 Cast: Freeze            |    33 |     6 ||    39
       Frozen Ramparts   |       |    12 ||    12
       Ozocubu's Armour  |       |     1 ||     1
  Use: Scroll            |     4 |     3 ||     7
 Stab: Sleeping          |     4 |     2 ||     6
Armor: Robe              |    21 |    15 ||    36
Dodge: Dodged            |    29 |    25 ||    54

Table legend: (Time is in decaauts)
 A = Elapsed time spent in this place.
 B = Non-inter-level travel time spent in this place.
 C = Inter-level travel time spent in this place.
 D = Time resting spent in this place.
 E = Time spent auto-exploring this place.
 F = Levels seen in this place.
 G = Mean time per level.
                   A        B        C        D        E       F      G
               +--------+--------+--------+--------+--------+-----+--------+
         Total |   3736 |   3680 |     56 |    177 |   3107 |   4 |  934.0 |
       Dungeon |   3736 |   3680 |     56 |    177 |   3107 |   4 |  934.0 |
               +--------+--------+--------+--------+--------+-----+--------+

Top non-repeatable levels by time:
     D:2: 1310 daAuts
     D:1: 1212 daAuts
     D:3: 1160 daAuts
     D:4: 52 daAuts
